 Dungeon Crawl Stone Soup version 0.31.0-9-g3a7656b989 (webtiles) character file.

Game seed: 6115817865887716661

126 Bnni the Trooper (level 5, -1/43 HPs)
             Began as a Formicid Fighter on Feb 4, 2024.
             Slain by an acid dragon (3 damage)
             ... on level 4 of the Dungeon.
             The game lasted 00:02:13 (2343 turns).

Bnni the Trooper (Formicid Fighter)                 Turns: 2343, Time: 00:02:14

Health: -1/43      AC:  5    Str: 22    XL:     5   Next: 32%
Magic:  5/5        EV:  8    Int:  8    God:
Gold:   133        SH:  5    Dex: 13    Spells: 4/4 levels left

rFire   . . .        a - +0 trident
rCold   . . .        c - +0 buckler
rNeg    . . .        n - +0 chain mail
rPois   .            (helmet unavailable)
rElec   .            (no cloak)
rCorr   .            (no gloves)
SInv    +            (no boots)
Will    .....        (no amulet) Stlth
                     f - ring of flight
HPRegen 0.27/turn    (no ring)
MPRegen 0.09/turn

%: no passive effects
@: mighty, corroded, flying
A: permanent stasis, dig shafts and tunnels, antennae 3, four strong arms
a: Dig, Shaft Self


You were on level 4 of the Dungeon.
You visited 1 branch of the dungeon, and saw 4 of its levels.

You collected 133 gold pieces.

Inventory:

Hand Weapons
 a - a +0 trident (weapon)
Armour
 c - a +0 buckler (worn)
 n - a +0 chain mail (worn)
Jewellery
 f - a ring of flight (left hand)
Wands
 i - a wand of acid (6)
Scrolls
 g - 2 scrolls of vulnerability {unknown}
 h - 2 scrolls of identify {unknown}
 j - a scroll of fear {unknown}
 m - a scroll of fog {unknown}
Potions
 b - a potion of resistance {unknown}
 e - 2 potions of haste {unknown}
 k - 2 potions of curing {unknown}
 l - a potion of brilliance {unknown}


   Skills:
 + Level 4.4 Fighting
 * Level 4.3 Polearms
 - Level 3.2 Armour
 - Level 4.0 Shields


You had 4 spell levels left.
You didn't know any spells.
Your spell library contained the following spells:

 Spells                   Type           Power      Damage    Failure   Level
 Sandblast                Erth           0%         2d4       98%         1
 Passwall                 Erth           0%         N/A       100%        3
 Stone Arrow              Conj/Erth      0%         3d7       100%        3
 Brom's Barrelling Bould  Conj/Erth      0%         2d3       100%        4


Dungeon Overview and Level Annotations

Branches:
Dungeon (4/15)
 Temple: D:4-7

Altars:


Innate Abilities, Weirdness & Mutations

You cannot be hasted, slowed, berserked, paralysed or teleported.
You can dig through walls and to a lower floor.
You have a pair of large antennae on your head. (SInv)
Your four strong arms can wield two-handed weapons with a shield.


Message History

An acid dragon comes into view.
You closely miss the orc. The orc barely misses you.
You puncture the orc!
You kill the orc!
Okay, then.
Press: ? - help, v - describe, . - travel
Here: an acid dragon The floor.
Okay, then.
The acid dragon spits acid at you. The splash of acid hits you!!
The acid corrodes you!
You feel very mighty all of a sudden.
You start resting.
You sense a monster nearby.
You start resting.
An acid dragon is nearby!
You barely miss the acid dragon. The acid dragon barely misses you.
The acid dragon claws you but does no damage.
You barely miss the acid dragon. The acid dragon bites you!
The acid dragon closely misses you.
You closely miss the acid dragon. The acid dragon bites you!
* * * LOW HITPOINT WARNING * * *
You block the acid dragon's attack.
Unknown command.
You barely miss the acid dragon. The acid dragon barely misses you.
The acid dragon claws you.
* * * LOW HITPOINT WARNING * * *
Unknown command.
You hit the acid dragon.
The acid dragon is moderately wounded.
You block the acid dragon's attack. The acid dragon barely misses you.
You closely miss the acid dragon.
The acid dragon is moderately wounded.
The acid dragon closely misses you. The acid dragon claws you.
* * * LOW HITPOINT WARNING * * *
Unknown command.
You closely miss the acid dragon.
The acid dragon is lightly wounded.
The acid dragon barely misses you. The acid dragon claws you.
You die...

#....>... #........
#..D....###########
#.......+.........#
#.......#.........+
#.......#....###+#
#.....).#....##..# .
#.......#@...#...# ..
#.......D....'...# ...
########.######..# ....
#.. #.†##.....
#......#.........
######......#..##.....
............#..# ....
............#..########
.>........#.........#


You could see an acid dragon.

Vanquished Creatures
  6 adders
  A ribbon worm (D:1)
  2 orcs
  6 endoplasms
  3 giant cockroaches
  3 goblins
  6 hobgoblins
  10 jackals
  7 kobolds
  4 quokkas
  3 ball pythons
  5 bats
  A frilled lizard (D:2)
  5 rats
62 creatures vanquished.

Notes
Turn   | Place    | Note
-------+----------+-------------------------------------------
     0 | D:1      | Bnni the Formicid Fighter began the quest for the Orb.
     0 | D:1      | Reached XP level 1. HP: 18/18 MP: 1/1
    88 | D:1      | Reached XP level 2. HP: 24/24 MP: 2/2
   239 | D:1      | Reached XP level 3. HP: 30/30 MP: 3/3
   862 | D:1      | Found a faded altar of an unknown god.
  1018 | D:2      | Reached XP level 4. HP: 37/37 MP: 4/4
  1769 | D:3      | Reached XP level 5. HP: 43/43 MP: 5/5
  2327 | D:4      | Noticed an acid dragon
  2342 | D:4      | HP: 1/43 [acid dragon (2)]
  2343 | D:4      | Slain by an acid dragon

Illustrated notes

Levels and vault maps discovered:
D:1:      wheals_arrival_shading, layout_basic,
          shapermc_ecumenical_altar_hornbeckon
D:2:      layout_rooms, hangedman_decor_opposing, grunt_ministairs_7,
          roderic_roman_lattice, minivault_4, kennysheep_doodads
D:3:      layout_loops_ring
D:4:      layout_gridville, serial_shops, nicolae_shop_statue_plus

Skill      XL: |  1  2  3  4 |
---------------+-------------+-----
Polearms       | 3 4 |  4.3
Fighting       | 4 |  4.4
Armour         | |  3.2
Shields        | |  4.0

Action                     |  1- 3 |  4- 6 || total
---------------------------+-------+-------++-------
  Melee: Trident           |    91 |   127 ||   218
    Use: Potion            |       |     1 ||     1
 Armour: Scale mail        |    56 |    42 ||    98
         Chain mail        |       |    60 ||    60
  Dodge: Dodged            |    41 |    70 ||   111
  Block: Buckler           |    16 |    33 ||    49
